Map: Tête de pont EC (Void)

Players

AgCl - Winner!

  • Race: Protoss Protoss
  • League: Grandmaster

CasualGamer

  • Race: Protoss Protoss

VOD

Have the link to the VOD?

Description

Time

  • Played on: July 14, 2015, 3:02 a.m.
  • Length: 17:05
Show
View Real Time Build Order
Export as new Build Order

AgCl Protoss - Winner!

Build Orders: Oracle Opening 

Get SALT Encoding   

  12  0:11  Pylon  
  12  0:30  Gateway  
  12  0:31  Probe (Chrono Boost)  
  13  0:42  Probe (Chrono Boost)  
  14  0:48  Probe (Chrono Boost)  
  15  0:57  Assimilator  
  15  1:00  Probe, Pylon  
  16  1:12  Probe  
  19  1:18  Zealot (Chrono Boost)  
  19  1:24  Probe  
  20  1:34  Cybernetics Core  
  20  1:36  Probe (Chrono Boost)  
  22  1:47  Probe (Chrono Boost)  
  22  1:51  Assimilator  
  22  1:53  Probe (Chrono Boost)  
  23  2:05  Probe  
  23  2:06  Pylon  
  24  2:17  Probe  
  26  2:30  Probe  
  26  2:42  Probe (Chrono Boost)  
  26  2:43  Stargate  
  24  2:54  Mothership Core (Chrono Boost), Nexus, Pylon  
  26  3:05  Warp Gate  
  26  3:08  Probe (Chrono Boost)  
  27  3:16  Assimilator  
  27  3:17  Assimilator  
  28  3:20  Probe (Chrono Boost)  
  28  3:26  Oracle (Chrono Boost)  
  32  3:27  Probe (Chrono Boost)  
  32  3:37  Probe  
  32  3:40  Pylon  
  33  3:47  Robotics Facility  
  33  3:49  Probe (Chrono Boost)  
  34  4:01  Probe (Chrono Boost)  
  35  4:07  Probe x2 (Chrono Boost)  
  35  4:08  Gateway  
  37  4:18  Probe x2 (Chrono Boost)  
  39  4:31  Probe (Chrono Boost)  
  41  4:36  Probe (Chrono Boost)  
  45  4:40  Probe (Chrono Boost), Phoenix (Chrono Boost)  
  45  4:43  Probe (Chrono Boost)  
  45  4:44  Twilight Council  
  45  4:48  Probe  
  46  4:54  Stargate  
  46  4:55  Probe (Chrono Boost)  
  47  5:00  Probe (Chrono Boost)  
  49  5:09  Pylon  
  49  5:12  Probe (Chrono Boost)  
  49  5:13  Probe (Chrono Boost)  
  50  5:18  Probe (Chrono Boost)  
  50  5:20  Probe (Chrono Boost)  
  52  5:29  Probe (Chrono Boost)  
  56  5:37  Probe (Chrono Boost)  
  56  5:39  Probe (Chrono Boost), Phoenix x2 (Chrono Boost)  
  59  5:43  Probe (Chrono Boost)  
  59  5:44  Protoss Air Weapons Level 1 (Chrono Boost)  
  59  5:46  Probe  
  59  5:48  Forge  
  61  5:52  Pylon  
  61  5:55  Probe  
  61  5:56  Fleet Beacon  
  62  5:58  Probe  
  62  6:00  Dark Shrine  
  60  6:07  Probe  
  60  6:11  Probe  
  62  6:12  Forge  
  62  6:19  Probe, Carrier (Chrono Boost)  
  62  6:21  Carrier (Chrono Boost)  
  62  6:23  Probe  
  64  6:31  Probe  
  63  6:35  Probe  
  62  6:43  Probe  
  62  6:45  Photon Cannon  
  75  6:47  Probe  
  75  6:53  Zealot  
  78  7:00  Photon Cannon  
  78  7:02  Observer (Chrono Boost)  
  78  7:05  Pylon  
  79  7:10  Zealot  
  79  7:14  Graviton Catapult (Chrono Boost)  
  81  7:15  Protoss Ground Weapons Level 1 (Chrono Boost)  
  81  7:17  Gateway, Observer (Chrono Boost)  
  82  7:23  Carrier (Chrono Boost)  
  88  7:52  Gateway  
  88  8:07  Pylon  
  88  8:10  Protoss Air Weapons Level 2  
  88  8:17  Carrier (Chrono Boost)  
  88  8:25  Pylon  
  88  8:26  Nexus  
  88  8:27  Assimilator  
  94  8:28  Pylon  
  94  8:29  Assimilator  
  94  8:33  Nexus  
  94  8:36  Dark Templar  
  94  8:38  Carrier (Chrono Boost)  
  94  8:39  Dark Templar  
  96  8:43  Pylon  
  102  9:04  Dark Templar  
  102  9:06  Dark Templar  
  106  9:19  Gateway  
  106  9:21  Pylon  
  106  9:41  Photon Cannon  
  106  9:42  Carrier, Assimilator  
  106  9:45  Photon Cannon  
  106  9:48  Pylon  
  106  9:54  Assimilator  
  106  10:04  Phoenix  
  114  10:17  Gateway  
  114  10:18  Gateway, Pylon  
  114  10:21  Stargate  
  114  10:22  Protoss Shields Level 1 (Chrono Boost)  
  114  10:23  Carrier (Chrono Boost)  
  114  10:49  Probe  
  121  10:54  Photon Cannon  
  121  10:59  Pylon  
  121  11:02  Gateway  
  123  11:07  Carrier (Chrono Boost)  
  127  11:14  Protoss Ground Weapons Level 2 (Chrono Boost)  
  127  11:16  Gateway  
  127  11:17  Protoss Air Weapons Level 3 (Chrono Boost), Charge (Chrono Boost)  
  127  11:21  Carrier (Chrono Boost)  
  127  11:38  Carrier (Chrono Boost)  
  133  11:48  Pylon  
  137  12:22  Protoss Shields Level 2 (Chrono Boost)  
  137  12:24  Nexus  
  137  12:28  Assimilator  
  141  12:30  Tempest (Chrono Boost)  
  141  12:32  Assimilator  
  141  12:35  Pylon  
  141  12:36  Tempest (Chrono Boost)  
  145  12:48  Probe  
  145  12:49  Probe x3  
  147  13:11  Templar Archives  
  147  13:16  Tempest (Chrono Boost)  
  151  13:22  Pylon  
  151  13:27  Protoss Air Armor Level 1  
  155  13:37  Tempest x2 (Chrono Boost)  
  157  13:45  Cybernetics Core  
  157  13:50  Photon Cannon  
  157  13:55  Pylon  
  157  14:04  Pylon  
  163  14:13  Carrier (Chrono Boost)  
  163  14:16  Gateway  
  163  14:18  Carrier (Chrono Boost)  
  163  14:19  Tempest (Chrono Boost)  
  167  14:29  Pylon  
  173  14:38  Pylon  
  173  14:47  Carrier (Chrono Boost)  
  173  14:57  Zealot  
  175  15:01  Pylon  
  180  15:16  Dark Templar x3  
  180  15:17  Dark Templar, Carrier (Chrono Boost)  
  180  15:21  Carrier (Chrono Boost)  
  198  16:02  Warp Prism  
  190  16:05  Tempest (Chrono Boost)  
  198  16:48  Archon  
  198  16:51  Archon  
Show
View Real Time Build Order
Export as new Build Order

CasualGamer Protoss 

Build Orders:  

Get SALT Encoding   

  12  0:01  Probe  
  13  0:18  Pylon  
  13  0:21  Probe  
  14  0:36  Probe  
  14  0:41  Gateway  
  15  0:48  Probe (Chrono Boost)  
  15  0:49  Assimilator  
  16  0:59  Probe (Chrono Boost)  
  17  1:07  Probe (Chrono Boost)  
  18  1:15  Assimilator  
  19  1:19  Probe (Chrono Boost)  
  19  1:22  Pylon  
  19  1:31  Cybernetics Core  
  19  1:33  Zealot  
  19  1:36  Probe  
  22  1:49  Probe  
  23  2:01  Probe  
  24  2:18  Stalker (Chrono Boost)  
  26  2:28  Gateway  
  26  2:30  Gateway  
  24  2:50  Zealot (Chrono Boost)  
  26  2:57  Pylon  
  26  3:11  Probe (Chrono Boost)  
  27  3:17  Nexus, Stargate  
  28  3:21  Probe (Chrono Boost)  
  28  3:28  Stalker (Chrono Boost), Probe  
  31  3:40  Probe  
  32  4:01  Void Ray (Chrono Boost)  
  36  4:05  Stargate  
  36  4:09  Probe  
  37  4:17  Assimilator  
  37  4:21  Probe, Assimilator  
  31  4:34  Probe  
  32  4:46  Probe  
  33  5:10  Phoenix  
  33  5:12  Phoenix  
  37  5:15  Probe  
  36  5:30  Probe x2  
  38  5:39  Phoenix (Chrono Boost)  
  38  5:42  Probe x2  
  42  6:10  Probe (Chrono Boost)  
  42  6:11  Probe (Chrono Boost)  
  44  6:13  Phoenix  
  46  6:20  Probe x2 (Chrono Boost)  
  46  6:22  Protoss Air Weapons Level 1 (Chrono Boost)  
  48  6:27  Probe x2  
  48  6:39  Probe x2  
  48  6:45  Phoenix (Chrono Boost)  
  48  6:46  Phoenix (Chrono Boost)  
  52  7:22  Pylon  
  52  7:25  Pylon  
  52  7:34  Pylon  
  52  7:36  Pylon  
  52  7:40  Probe x2, Phoenix x2 (Chrono Boost)  
  58  7:45  Fleet Beacon  
  58  7:52  Probe x2  
  60  8:04  Probe x2  
  60  8:05  Phoenix x2 (Chrono Boost)  
  66  8:16  Probe  
  67  8:23  Phoenix x2  
  67  8:26  Carrier  
  71  8:27  Carrier  
  71  8:28  Probe  
  84  8:57  Nexus  
  84  9:15  Pylon  
  84  9:17  Protoss Air Weapons Level 2 (Chrono Boost)  
  84  9:18  Pylon  
  84  9:20  Pylon  
  84  9:29  Pylon  
  84  9:33  Probe x2  
  86  9:42  Pylon  
  86  9:50  Pylon  
  86  9:54  Gateway  
  86  9:56  Oracle (Chrono Boost), Carrier (Chrono Boost)  
  95  10:42  Robotics Facility  
  95  10:46  Carrier (Chrono Boost)  
  98  10:50  Oracle (Chrono Boost)  
  98  11:00  Mothership Core  
  106  11:33  Observer (Chrono Boost)  
  107  11:56  Protoss Air Weapons Level 3 (Chrono Boost)  
  107  12:08  Anion Pulse-Crystals  
  107  12:41  Nexus  
  107  12:58  Forge  
  107  13:12  Graviton Catapult  
  107  13:18  Carrier (Chrono Boost)  
  107  13:20  Pylon, Carrier (Chrono Boost)  
  107  13:22  Pylon  
  107  13:23  Pylon  
  107  13:26  Pylon  
  107  13:27  Pylon  
  107  13:29  Pylon  
  119  13:58  Pylon  
  119  14:01  Pylon  
  119  14:04  Pylon  
  125  14:15  Carrier (Chrono Boost)  
  125  14:17  Carrier (Chrono Boost)  
  125  14:21  Photon Cannon  
  125  14:24  Photon Cannon  
  125  14:28  Photon Cannon  
  137  15:11  Assimilator  
  137  15:13  Assimilator  
  137  15:16  Nexus  
  136  15:37  Nexus  
Tags
 
Add a new tag
Caveats
  • Supply blocks, unpowered buildings, or Contaminate may cause inaccurate times.
  • Supply counts are checked every 10 seconds.